 Dungeon Crawl Stone Soup version 0.31.0-32-g396128a36d (webtiles) character file.

Game seed: 11903556877707813884

5911 DildoBatman the Merchant of Misery (level 11, -1/79 HPs)
             Began as a Formicid Conjurer on Mar 8, 2024.
             Was a Believer of Kikubaaqudgha.
             Slain by a sun demon (16 damage)
             ... summoned by a kobold demonologist
             ... on level 9 of the Dungeon.
             The game lasted 00:26:58 (7935 turns).

DildoBatman the Merchant of Misery (FoCj)           Turns: 7935, Time: 00:26:59

Health: -1/79      AC:  6    Str: 11    XL:     11   Next: 8%
Magic:  0/20       EV: 12    Int: 32    God:    Kikubaaqudgha [**....]
Gold:   243        SH:  5    Dex: 14    Spells: 9/22 levels left

rFire   . . .        a - +4 hammer of Ygomoant {flame, Dex+2}
rCold   . . .        g - +0 buckler
rNeg    . . .        G - +2 robe of Rotten Liberty {Int+3 Slay+2}
rPois   .            (helmet unavailable)
rElec   .            j - +0 cloak
rCorr   .            x - +0 pair of gloves
SInv    +            (no boots)
Will    +....        y - amulet of the acrobat
Stlth   +++          m - ring of wizardry
HPRegen 0.33/turn    A - +6 ring of intelligence
MPRegen 0.17/turn

%: acrobat, wizardry (x1)
@: no status effects
A: permanent stasis, dig shafts and tunnels, antennae 3, four strong arms
a: Dig, Shaft Self, Renounce Religion, Unearth Wretches


You were on level 9 of the Dungeon.
You worshipped Kikubaaqudgha.
Kikubaaqudgha was pleased with you.
You visited 2 branches of the dungeon, and saw 10 of its levels.

You collected 368 gold pieces.
You spent 125 gold pieces at shops.

Inventory:

Hand Weapons
 a - the +4 hammer of Ygomoant (weapon) {flame, Dex+2}
   (You found it on level 2 of the Dungeon)

   Dex+2:     It affects your dexterity (+2).
 p - a +1 antimagic hand axe
 v - a +2 dagger of electrocution
 F - a +2 mace of protection
Missiles
 e - 69 stones
 t - 7 boomerangs
 I - 5 atropa-tipped darts
 J - 9 poisoned darts
Armour
 g - a +0 buckler (worn)
 j - a +0 cloak (worn)
 x - a +0 pair of gloves (worn)
 G - the +2 robe of Rotten Liberty (worn) {Int+3 Slay+2}
   (You found it on level 6 of the Dungeon)

   Int+3:     It affects your intelligence (+3).
   Slay+2:    It affects your accuracy & damage with ranged weapons and melee
   (+2).
Magical Staves
 o - a staff of conjuration
Jewellery
 c - an amulet of guardian spirit
 d - a ring of positive energy
 m - a ring of wizardry (left hand)
 y - an amulet of the acrobat (around neck)
 A - a +6 ring of intelligence (right hand)
Wands
 E - a wand of flame (18)
Scrolls
 i - 2 scrolls of fog {unknown}
 l - a scroll of silence {unknown}
 n - a scroll of revelation {unknown}
 q - a scroll of vulnerability {unknown}
 s - a scroll of noise {unknown}
 z - 2 scrolls of identify
 B - a scroll of blinking {unknown}
 H - 3 scrolls of immolation {unknown}
Potions
 b - a potion of magic
 f - 2 potions of heal wounds
 h - 2 potions of might
 k - 3 potions of brilliance
 r - 4 potions of curing
 u - a potion of resistance
 w - 2 potions of enlightenment
 C - 3 potions of cancellation


   Skills:
 * Level 5.0 Fighting
 * Level 5.0 Armour
 * Level 3.0 Dodging
 - Level 4.0 Stealth
 * Level 3.1 Shields
 - Level 6.0 Spellcasting
 - Level 6.0 Conjurations
 - Level 9.0 Necromancy
 - Level 4.0 Air Magic
 - Level 6.0 Alchemy


You had 9 spell levels left.
You knew the following spells:

 Your Spells              Type           Power      Damage    Failure   Level
a - Searing Ray           Conj           96%        2d7       1%          2
c - Magic Dart            Conj           100%       1d8       1%          1
d - Vampiric Draining     Necr           61%        2d10      1%          3
e - Mephitic Cloud        Conj/Alch/Air  43%        N/A       1%          3
f - Cigotuvi's Dreadful   Necr/Alch/Air  100%       N/A       1%          2
z - Sublimation of Blood  Necr           61%        N/A       1%          2

Your spell library contained the following spells:

 Spells                   Type           Power      Damage    Failure   Level
 Kiss of Death            Conj/Necr      100%       2d13      1%          1
 Animate Dead             Necr           61%        N/A       1%          4
 Curse of Agony           Necr           61%        N/A       1%          5
 Slow                     Hex            36%        N/A       2%          1
 Dazzling Flash           Conj/Hex       56%        N/A       2%          3
 Fulminant Prism          Conj/Alch      24%        3d12      2%          4
 Lesser Beckoning         Tloc           18%        N/A       4%          2
 Confusing Touch          Hex            9%         N/A       8%          3
 Gell's Gravitas          Tloc           9%         N/A       8%          3
 Sigil of Binding         Hex            9%         N/A       8%          3
 Teleport Other           Tloc           9%         N/A       8%          3
 Iskenderun's Mystic Bla  Conj/Tloc      28%        2d7       8%          4
 Silence                  Hex/Air        11%        N/A       30%         5


Dungeon Overview and Level Annotations

Branches:
Dungeon (9/15)             Temple (1/1) D:5            Lair (0/5) D:9
    Orc: D:9-12

Altars:
Ashenzari
Cheibriados
Dithmenos
Elyvilon
Fedhas
Gozag
Hepliaklqana
Kikubaaqudgha
Makhleb
Nemelex Xobeh
Okawaru
Qazlal
Ru
Sif Muna
Trog
Uskayaw
Vehumet
Wu Jian
Xom
Yredelemnul
Zin
The Shining One

Shops:
D:4 (   D:6 =   D:7 *[(*?

Annotations:
D:1 exclusion: eye of devastation


Innate Abilities, Weirdness & Mutations

You cannot be hasted, slowed, berserked, paralysed or teleported.
You can dig through walls and to a lower floor.
You have a pair of large antennae on your head. (SInv)
Your four strong arms can wield two-handed weapons with a shield.


Message History

The orange demon completely misses you. The orange demon barely misses you.
The searing ray misses the kobold demonologist.
The kobold demonologist gestures wildly while chanting.
The kobold completely misses you. The white imp gestures at you.
The puff of frost misses you.
The puff of frost hits the orange demon!
The white imp hits you but does no damage.
The hellwing closely misses you. x2
The orange demon barely misses you. x2
The searing ray hits the kobold demonologist.
The kobold demonologist is severely wounded.
You finish channelling your searing ray.
The kobold demonologist misses you. The kobold completely misses you.
The white imp misses you. The white imp closely misses you.
The hellwing closely misses you. x2
The sun demon misses you. The orange demon closely misses you.
The orange demon completely misses you.
Casting: Searing Ray (safe; 1% risk of failure)
Confirm with . or Enter, or press ? or * to list all spells.
Aiming: Searing Ray (safe; 1% risk of failure)
Press: ? - help, Shift-Dir - straight line, f/p - kobold demonologist
Aim: a kobold demonologist, wielding a +0 dagger and wearing a +0 robe (severely wounded, 76% to hit)
The searing ray hits the kobold demonologist!
The kobold demonologist is almost dead. (Press . to maintain the ray.)
The hellwing disappears in a puff of smoke!
The kobold demonologist hits you with a +0 dagger.
The kobold barely misses you. You block the white imp's attack.
The white imp hits you. The white imp freezes you. The sun demon hits you!
You are engulfed in flames!
You die...
Kikubaaqudgha rasps: "You have failed me!
Welcome... death!"

# .................. #.
......#..........
#.###.... ..#.......
####/...... ...........
..........############..
#..#....................
.......................
###.534.~.~.~~..~~†###
#.K@§~~.~.≈~~.~..#..
##5K~≈~.~.~≈≈~~..#..
,,°...≈≈~≈~.~≈≈≈...#.#
#.##..~≈≈≈~.~≈≈....#.#
#, #...~≈≈~.~~~~~....#
#...~≈~≈..~≈≈~....#
#..~≈≈.....~≈~~†###
#..~≈~....~~≈≈~≈...
~.≈~.....~≈≈≈≈≈###


You could see a sun demon (summoned), an orange demon (summoned), a kobold
demonologist, 2 white imps and a kobold.

Vanquished Creatures
  A two-headed ogre (D:8)
  2 kobold demonologists (D:9)
  3 red devils (D:8)
  Sigmund (D:2)
  A wraith (D:7)
  A wyvern (D:9)
  A steam dragon (D:7)
  A water moccasin (D:7)
  Duvessa (D:6)
  4 orc warriors
  An ice beast (D:6)
  3 sky beasts
  3 ogres
  A black bear (D:6)
  3 wolves (D:9)
  3 centaurs
  3 bullfrogs
  5 scorpions
  Dowan (D:6)
  7 killer bees
  A howler monkey (D:8)
  An electric eel (D:9)
  4 hounds
  A jelly (D:5)
  5 orc priests
  Crazy Yiuf (D:2)
  A gnoll bouda (D:7)
  A sleepcap (D:6)
  5 orc wizards
  6 iguanas
  4 gnolls (D:7)
  7 adders
  2 shadow imps
  A white imp (D:7)
  A ribbon worm (D:2)
  A dart slug (D:3)
  27 orcs
  2 endoplasms (D:3)
  4 giant cockroaches
  2 goblins
  6 hobgoblins
  8 jackals
  5 kobolds
  4 quokkas
  7 ball pythons
  6 bats
  2 frilled lizards
  7 rats
  A spectral goblin (D:7)
169 creatures vanquished.

Vanquished Creatures (collateral kills)
  A killer bee (D:9)
1 creature vanquished.

Vanquished Creatures (others)
  A killer bee (D:9)
  2 electric eels (D:9)
3 creatures vanquished.

Grand Total: 173 creatures vanquished

Notes
Turn   | Place    | Note
-------+----------+-------------------------------------------
     0 | D:1      | DildoBatman the Formicid Conjurer began the quest for the
                  | Orb.
     0 | D:1      | Reached XP level 1. HP: 13/13 MP: 3/3
   171 | D:1      | Reached XP level 2. HP: 20/20 MP: 1/5
   174 | D:1      | Learned a level 2 spell: Searing Ray
   264 | D:1      | Noticed an eye of devastation
   266 | D:1      | Found a faded altar of an unknown god.
   269 | D:1      | Noticed a glass eye
   269 | D:1      | Noticed a glass eye
   269 | D:1      | Noticed a glass eye
   485 | D:1      | Reached XP level 3. HP: 25/25 MP: 2/6
   807 | D:2      | Reached skill level 1 in Shields
   948 | D:2      | Reached skill level 1 in Fighting
  1059 | D:2      | Found a runed translucent door.
  1146 | D:2      | Noticed Sigmund
  1502 | D:2      | Reached skill level 1 in Armour
  1502 | D:2      | Reached XP level 4. HP: 24/32 MP: 3/7
  1894 | D:2      | Noticed Crazy Yiuf
  2127 | D:3      | Reached XP level 5. HP: 36/37 MP: 4/8
  2248 | D:3      | Learned a level 3 spell: Vampiric Draining
  2336 | D:3      | Learned a level 3 spell: Mephitic Cloud
  2393 | D:3      | Found a shimmering blue altar of Sif Muna.
  2776 | D:4      | Found an iron altar of Okawaru.
  2896 | D:4      | Found a blossoming altar of Fedhas.
  3344 | D:4      | Reached skill level 1 in Alchemy
  3344 | D:4      | Reached XP level 6. HP: 40/43 MP: 1/10
  3346 | D:4      | Found Gidghut's Weapon Boutique.
  3631 | D:5      | Entered Level 5 of the Dungeon
  3903 | D:5      | Found a staircase to the Ecumenical Temple.
  3909 | D:5      | Noticed an ogre
  3978 | D:5      | Reached skill level 1 in Air Magic
  4011 | Temple   | Entered the Ecumenical Temple
  4020 | Temple   | Became a worshipper of Kikubaaqudgha
  4036 | Temple   | Killed an ogre
  4082 | D:5      | Reached XP level 7. HP: 50/50 MP: 3/11
  4258 | D:5      | Found a white marble altar of Elyvilon.
  4258 | D:5      | Found a glowing golden altar of the Shining One.
  4258 | D:5      | Found a glowing silver altar of Zin.
  4875 | D:2      | Killed Sigmund
  4876 | D:2      | Reached XP level 8. HP: 54/58 MP: 7/14
  4917 | D:2      | Killed Crazy Yiuf
  4924 | D:2      | Identified the +4 hammer of Ygomoant {flame, Dex+2}
  5052 | D:6      | Identified the +2 robe of Rotten Liberty {Int+3 Slay+2}
  5137 | D:6      | Reached skill level 5 in Conjurations
  5259 | D:6      | Found Ynucinn's Jewellery Boutique.
  5388 | D:6      | Reached XP level 9. HP: 56/66 MP: 9/16
  5393 | D:6      | Reached skill level 5 in Spellcasting
  5446 | D:6      | Reached * piety under Kikubaaqudgha
  5446 | D:6      | Received a gift from Kikubaaqudgha
  5447 | D:6      | Reached skill level 5 in Fighting
  5447 | D:6      | Reached skill level 5 in Armour
  5450 | D:6      | Learned a level 2 spell: Sublimation of Blood
  5453 | D:6      | Learned a level 2 spell: Cigotuvi's Dreadful Rot
  5548 | D:6      | Noticed Dowan
  5588 | D:6      | Noticed Duvessa
  5613 | D:6      | Killed Duvessa
  5616 | D:6      | Killed Dowan
  5636 | D:6      | Found an ornate altar of the Wu Jian Council.
  6060 | D:7      | Found a stormy altar of Qazlal.
  6114 | D:7      | Reached skill level 5 in Alchemy
  6133 | D:7      | Found Icedus's Armour Boutique.
  6236 | D:7      | Found a hazy altar of Hepliaklqana.
  6340 | D:7      | Found Hecziw's Assorted Antiques.
  6350 | D:7      | Bought a scroll labelled ERATIX SAUME for 21 gold pieces
  6442 | D:7      | Found Nuir Ammi's Weapon Shop.
  6453 | D:7      | Found Pophuev's General Store.
  6469 | D:7      | Found Oseluk's Magic Scroll Emporium.
  6477 | D:7      | Bought a scroll of identify for 26 gold pieces
  6487 | D:7      | Bought 3 scrolls of identify for 78 gold pieces
  6854 | D:8      | Reached XP level 10. HP: 57/74 MP: 10/19
  6908 | D:8      | Reached skill level 1 in Necromancy
  6923 | D:8      | Reached ** piety under Kikubaaqudgha
  7028 | D:8      | Reached skill level 3 in Necromancy
  7050 | D:8      | Reached skill level 4 in Necromancy
  7148 | D:8      | Reached skill level 5 in Necromancy
  7197 | D:8      | Found a radiant altar of Vehumet.
  7215 | D:8      | Noticed a two-headed ogre
  7566 | D:8      | Killed a two-headed ogre
  7567 | D:8      | Reached skill level 6 in Necromancy
  7590 | D:8      | Reached skill level 7 in Necromancy
  7670 | D:9      | Found a snail-covered altar of Cheibriados.
  7670 | D:9      | Found a sparkling altar of Nemelex Xobeh.
  7801 | D:9      | Reached skill level 8 in Necromancy
  7907 | D:9      | Noticed a kobold demonologist
  7909 | D:9      | Noticed a kobold demonologist
  7911 | D:9      | Found a staircase to the Lair.
  7913 | D:9      | Noticed an ice devil
  7914 | D:9      | Killed a kobold demonologist
  7915 | D:9      | Reached XP level 11. HP: 77/79 MP: 6/20
  7917 | D:9      | Reached skill level 9 in Necromancy
  7934 | D:9      | Noticed a sun demon
  7935 | D:9      | Slain by a sun demon

Illustrated notes

Levels and vault maps discovered:
D:1:      dpeg_arrival_fog, layout_basic, hellmonk_ecumenical_altar_watching_god
D:2:      layout_basic, uniq_crazy_yiuf_cottage, uniq_sigmund
D:3:      layout_basic, lemuel_round_altar, minmay_misc_feat_tower
D:4:      layout_basic, mainiacjoe_overflow_surrounded_room,
          lemuel_crystal_altar, serial_shops, shop
D:5:      layout_loops_ring, dreamdust_divine_triumvirate,
          minmay_temple_entry_tees
D:6:      layout_basic, nzn_wu_jian_council_hall, serial_shops,
          nicolae_square_shop, uniq_duvessa
D:7:      layout_basic, nicolae_hepliaklqana_monster_ancestors,
          grunt_qazlal_sundering, serial_shops, kennysheep_little_box, shop,
          nicolae_shop_bloodbath_and_beyond, nicolae_lakefront_shop,
          nicolae_square_shop
D:8:      layout_cave_pools, kennysheep_mini,
          einodemon_armed_red_devil_minivault
D:9:      layout_stronghold, nicolae_overflow_two_pavilions, erik_lair_island,
          nicolae_shop_national_dungeon_mall, evilmike_minifort
Temple:   eino_temple_lava

Skill      XL: |  1  2  3  4  5  6  7  8  9 10 11 |
---------------+----------------------------------+-----
Dodging        | 2 3 |  3.0
Shields        | 2 3 |  3.1
Fighting       | 1 2 3 4 5 |  5.0
Armour         | 1 2 3 4 5 |  5.0
Stealth        | 3 4 |  4.0
Conjurations   | 4 5 6 |  6.0
Alchemy        | 1 2 3 6 |  6.0
Spellcasting   | 3 4 6 |  6.0
Air Magic      | 1 3 4 |  4.0
Necromancy     | 8 9 |  9.0

Action                     |  1- 3 |  4- 6 |  7- 9 | 10-12 || total
---------------------------+-------+-------+-------+-------++-------
  Melee: Short sword       |    25 |       |       |       ||    25
         Mace              |       |    46 |    43 |    65 ||   154
   Cast: Magic Dart        |    63 |    51 |     2 |     1 ||   117
         Searing Ray       |     1 |    12 |    45 |    14 ||    72
         Mephitic Cloud    |       |       |     3 |    23 ||    26
         Sublimation of Bl |       |       |       |     2 ||     2
    Use: Scroll            |       |       |     8 |     2 ||    10
   Stab: Sleeping          |       |       |     1 |       ||     1
         Confused          |       |       |     2 |    11 ||    13
 Armour: Robe              |    22 |    36 |    62 |    49 ||   169
  Dodge: Dodged            |    32 |    48 |   106 |    81 ||   267
  Block: Buckler           |       |    13 |    35 |    25 ||    73
